 Dungeon Crawl Stone Soup version 0.28-a0-1395-g4f6bc67 (webtiles) character file.

Game seed: 14362066838969704907

16 Illumine the Ruffian (level 2, -2/29 HPs)
             Began as a Troll Monk on Jan 4, 2022.
             Slain by Sigmund (5 damage)
             ... on level 2 of the Dungeon.
             The game lasted 00:00:49 (645 turns).

Illumine the Ruffian (Troll Monk)                    Turns: 645, Time: 00:00:49

Health: -2/29      AC:  4    Str: 18    XL:     2   Next: 37%
Magic:  1/1        EV: 10    Int:  6    God:
Gold:   46         SH:  0    Dex: 12    Spells: 1/1 levels left

rFire   . . .      SeeInvis .     - Unarmed
rCold   . . .      Faith    .   (no shield)
rNeg    . . .      Spirit   .   a - +0 robe
rPois   .          Reflect  .   (helmet restricted)
rElec   .          Harm     .   (no cloak)
rCorr   .          Rampage  .   (gloves unavailable)
Will    .....                   (boots unavailable)
Stlth   ++........              (no amulet)
HPRegen 0.89/turn               (no ring)
MPRegen 0.07/turn               (no ring)

@: no status effects
A: large, unfitting armour, claws 3, regeneration 1, shaggy fur 1, tough skin 1
a: no special abilities


You were on level 2 of the Dungeon.
You visited 1 branch of the dungeon, and saw 2 of its levels.

You collected 46 gold pieces.

Inventory:

Armour
 a - a +0 robe (worn)
Scrolls
 c - 2 scrolls of fog {unknown}
 d - a scroll of noise {unknown}
 e - a scroll of identify {unknown}
Potions
 b - a potion of cancellation {unknown}


   Skills:
 - Level 2.4 Fighting
 - Level 2.4 Dodging
 - Level 1.0 Stealth
 + Level 3.8 Unarmed Combat


You had one spell level left.
You didn't know any spells.
Your spell library was empty.

Dungeon Overview and Level Annotations

Branches:
Dungeon (2/15)

Altars:

Annotations:
D:2 Sigmund


Innate Abilities, Weirdness & Mutations

You are too large for most types of armour.
You have claws for hands.
Your natural rate of healing is unusually fast.
You are covered in fur. (AC +1)
You have tough skin. (AC +1)


Message History

No target in view!
You see here 15 stones.
There is a stone staircase leading down here.
You climb downwards.
There is a stone staircase leading up here.
A bat is nearby!
The helpless bat fails to defend itself.
You claw the bat!
You kill the bat!
A rat comes into view.
Sigmund the Dreaded comes into view.
He is wielding a +0 scythe.
Sigmund shouts!
Sigmund screams, "You will never...
NEVER!!!"
Sigmund mumbles some strange words.
Sigmund flickers and vanishes!
Deactivating autopickup; reactivate with Ctrl-A.
A rat is nearby!
A rat is nearby!
You scratch the rat.
The rat is moderately wounded.
You claw the rat!
You kill the rat!
Something hits you.
No target in view!
Something hits you.
You completely miss something. You closely miss something. Something hits you!
You claw something! Something hits you but does no damage.
You scratch something but do no damage. You scratch something.
Something hits you.
You barely miss something. You closely miss something. Something hits you.
You closely miss something. Something hits you but does no damage.
You scratch something but do no damage. You scratch something.
Something hits you.
You closely miss something. You closely miss something. Something hits you!
* * * LOW HITPOINT WARNING * * *
You miss something. Something hits you.
You die...

## . .## ..#
##.## ######...
.......{#
#####@####...
###.....†....#
###...######...#
#.<.### #...
.......### ##
.....## .... ...
..


There were no monsters in sight!

Vanquished Creatures
  2 endoplasms (D:1)
  A goblin (D:1)
  2 hobgoblins (D:1)
  A quokka (D:1)
  A ball python (D:1)
  3 bats
  2 frilled lizards (D:1)
  2 kobolds (D:1)
  A rat (D:2)
15 creatures vanquished.

Vanquished Creatures (others)
  A fungus (D:1)
1 creature vanquished.

Grand Total: 16 creatures vanquished

Notes
Turn   | Place    | Note
-------+----------+-------------------------------------------
     0 | D:1      | Illumine the Troll Monk began the quest for the Orb.
     0 | D:1      | Reached XP level 1. HP: 22/22 MP: 0/0
   226 | D:1      | Reached XP level 2. HP: 29/29 MP: 1/1
   437 | D:1      | Found a faded altar of an unknown god.
   628 | D:2      | Noticed Sigmund
   645 | D:2      | Slain by Sigmund

Illustrated notes

Levels and vault maps discovered:
D:1:      wander_arrival_chamber, layout_basic, shapermc_ecumenical_altar_gd
D:2:      layout_rooms, uniq_jessica, uniq_sigmund

Action                   || total
-------------------------++-------
Melee: Unarmed           ||    54
 Stab: Sleeping          ||     2
Armor: Robe              ||    25
Dodge: Dodged            ||    15

Table legend: (Time is in decaauts)
 A = Elapsed time spent in this place.
 B = Non-inter-level travel time spent in this place.
 C = Inter-level travel time spent in this place.
 D = Time resting spent in this place.
 E = Time spent auto-exploring this place.
 F = Levels seen in this place.
 G = Mean time per level.
                   A        B        C        D        E       F      G
               +--------+--------+--------+--------+--------+-----+--------+
         Total |    641 |    608 |     33 |      0 |    489 |   2 |  320.5 |
       Dungeon |    641 |    608 |     33 |      0 |    489 |   2 |  320.5 |
               +--------+--------+--------+--------+--------+-----+--------+

Top non-repeatable levels by time:
     D:1: 616 daAuts
     D:2: 24 daAuts
